Vis, lawful male human Samurai ------ |....| |....| ------------- # |....| ----- |`.........`| ###|....| ....| |.....`......#####.....| |...| |...-----...| #|....| |...| --------------- #|...|.{.|...| (------# #.<..| |..>............ o##)##########|..`|{.{|`..| ##################----- |......... #@######0#####....|.{.|...| | o |...-.---...| |.....`.....| |`.........`| ------------- Vis the Ninja Experience level: 6 Strength: 16 Dexterity: 17 Constitution: 18 Intelligence: 10 Wisdom: 7 Charisma: 7 Health: 0(67) Energy: 18(18) AC: 4 Gold: 424 Moves: 642 Your Inventory: Coins $ - 424 gold pieces Weapons a - a blessed +0 katana (weapon in hand) b - an uncursed +3 wakizashi (alternate weapon; not wielded) c - an uncursed +0 yumi d - 28 uncursed +0 ya (in quiver) Armor e - an uncursed rustproof +0 splint mail (being worn) Comestibles f - an [uncursed] lichen corpse j - an [uncursed] tin [of orc meat] m - an [uncursed] gunyoki r - an [uncursed] fortune cookie Scrolls k - an [uncursed] scroll labeled VELOX NEB [of enchant armor] l - 3 [uncursed] unlabeled scrolls [of blank paper] Potions g - an [uncursed] clear potion [of water] i - an [uncursed] black potion [of paralysis] Rings n - an [uncursed] diamond ring [of warning] Wands q - an [uncursed] wand of polymorph [0:5] Tools o - an [uncursed oil] lamp Gems h - an [uncursed] green gem [fluorite] Spells known in the end: Name Level Category Fail Memory Your skills at the end: Fighting Skills martial arts [Basic / Master] Weapon Skills short sword [Basic / Expert] long sword [Basic / Expert] bow [Basic / Expert] Spellcasting Skills Final Attributes: You were fervently aligned. Hunger level was 806. Your alignment was 13 / 13. Monster difficulty range was 1 - 6. Level difficulty was 6. You were fast. Your luck was zero. You are dead. Vanquished creatures: 4 brown puddings a paper golem a wax golem 4 hill orcs 2 dwarf zombies a wererat an iguana a large kobold 2 cave spiders a brown mold 7 garter snakes a jackal 2 foxes a goblin a lichen a kobold zombie 2 newts 33 creatures vanquished. Voluntary challenges: You were an atheist. You used a wielded weapon 49 times. You read items or engraved 1 time. You put on armor 1 time. You never genocided any monsters. You never polymorphed an object. You never changed form. You used no wishes. You never wrote Elbereth's name. You never encountered a bones level. You never used any Sokoban shortcuts. Dungeon overview: The Dungeons of Doom: levels 1 to 6 Level 1 a fountain a long staircase Level 4 a potion shop, a fountain Level 5 a fountain Level 6 <- You were here many fountains History has recorded: On T:1 you entered the Dungeons of Doom to retrieve the Amulet of Yendor! On T:129 you reached level 2 of The Dungeons of Doom. On T:245 you reached level 3 of The Dungeons of Doom. On T:280 you advanced to experience level 2. On T:283 you advanced to experience level 3. On T:287 you reached level 4 of The Dungeons of Doom. On T:293 you advanced to experience level 4. On T:444 you advanced to experience level 5. On T:496 you reached level 5 of The Dungeons of Doom. On T:535 you reached level 6 of The Dungeons of Doom. On T:569 you advanced to experience level 6. Latest messages: [8 turns] a - a blessed +0 katana. You see here a brown pudding corpse. You have a very bad case of stomach acid. This brown pudding corpse tastes terrible! Eating this glibbery corpse makes your fingers even more slippery. [HP-15=11] [HP+1=12] You finish eating the brown pudding corpse. [8 turns] There is nothing here to pick up. [HP+1=13] a - a blessed +0 katana (weapon in hand). [HP+1=14] [HP+1=15] You are hit by a poisoned orcish arrow. (2x) You hear the howling of the CwnAnnwn... [HP-14=1] [HP+1=2] The Uruk-hai wields an orcish short sword! The Uruk-hai hits! You die... Final status: Sayonara Vis the Samurai... You died in The Dungeons of Doom on dungeon level 6 with 2039 points, and 424 pieces of gold, after 642 moves. You were level 6 with a maximum of 67 hit points when you died.